 Dungeon Crawl Stone Soup version 0.19-b1-5-gdc9fa9d (webtiles) character file.

53 Gorglomux the Skirmisher (level 4, -2/37 HPs)
             Began as a Formicid Fighter on Oct 31, 2016.
             Slain by an ice beast (13 damage)
             ... on level 3 of the Dungeon.
             The game lasted 00:03:59 (1093 turns).

Gorglomux the Skirmisher (Formicid Fighter)         Turns: 1093, Time: 00:04:00

Health: -2/37      AC:  6    Str: 25    XL:     4   Next: 10%
Magic:  4/4        EV:  8    Int:  7    God:
Gold:   140        SH:  9    Dex: 10    Spells: 0 memorised, 3 levels left

rFire  . . .     SeeInvis +     o - +2 mace (holy)
rCold  . . .     Gourm    .     b - +0 scale mail
rNeg   . . .     Faith    .     c - +0 shield
rPois  .         Spirit   .     (helmet unavailable)
rElec  .         Reflect  .     (no cloak)
rCorr  .         Harm     .     (no gloves)
MR     .....                    (no boots)
Stlth  ..........               p - amulet of rage
                                (no ring)
                                n - +3 ring of strength

@: no status effects
A: permanent stasis, dig shafts and tunnels, four strong arms, antennae 3
a: Dig, Shaft Self


You were on level 3 of the Dungeon.
You were not hungry.

You visited 1 branch of the dungeon, and saw 3 of its levels.

You collected 140 gold pieces.

Inventory:

Hand Weapons
 o - a +2 mace of holy wrath (weapon)
Armour
 b - a +0 scale mail (worn)
 c - a +0 shield (worn)
Jewellery
 n - a +3 ring of strength (left hand)
 p - an amulet of rage (around neck)
Scrolls
 g - 2 scrolls of enchant weapon {unknown}
 h - a scroll of teleportation {unknown}
 i - 3 scrolls of identify {unknown}
 k - a scroll of blinking {unknown}
 l - a scroll of random uselessness {unknown}
 q - a scroll of remove curse {unknown}
Potions
 a - a potion of cure mutation {unknown}
 d - 3 potions of might
 e - 3 potions of heal wounds {unknown}
 m - a potion of lignification {unknown}
 r - a potion of cancellation {unknown}
Comestibles
 f - 3 bread rations


   Skills:
 + Level 4.0 Fighting
 * Level 3.5 Maces & Flails
 - Level 3.2 Armour
 - Level 3.6 Shields


You had 3 spell levels left.
You didn't know any spells.

Dungeon Overview and Level Annotations

Branches:
Dungeon (2/15)

Altars:
Kikubaaqudgha


Innate Abilities, Weirdness & Mutations

You are under a permanent stasis effect.
You can dig through walls and to a lower floor.
Your four strong arms can wield two-handed weapons with a shield.
You have a pair of large antennae on your head. (SInv)


Message History

You barely miss the ice beast.
The ice beast is almost dead.
The ice beast hits you. The ice beast freezes you.
You barely miss the ice beast.
The ice beast is almost dead.
The ice beast barely misses you.
The ice beast hits you but does no damage.
You barely miss the ice beast.
The ice beast is almost dead.
The ice beast hits you. The ice beast freezes you!
* * * LOW HITPOINT WARNING * * *
You hit the ice beast.
The ice beast is almost dead.
You block the ice beast's attack.
You closely miss the ice beast.
The ice beast is almost dead.
The ice beast hits you.
* * * LOW HITPOINT WARNING * * *
The ice beast freezes you!
You die...

#....P..#.# #
##P[...P.#.#
#.#####.....PP.P.#
###.#....P...# ....#
#.....###..P###.P..#
#.###.##...........#
#..#.........P.#
#.###..#P##.._..##.
#..Y@..#P#.......#
###......#########
.......%...
#####..###(# #..# ..
#... . ##.## .#


You could see an ice beast.

Vanquished Creatures
  2 adders
  An ooze (D:1)
  3 dart slugs
  A leopard gecko (D:1)
  A goblin (D:2)
  5 hobgoblins
  4 bats (D:2)
  3 kobolds
  5 rats
25 creatures vanquished.

Notes
Turn   | Place    | Note
-------+----------+-------------------------------------------
     0 | D:1      | Gorglomux the Formicid Fighter began the quest for the Orb.
     0 | D:1      | Reached XP level 1. HP: 18/18 MP: 1/1
    82 | D:1      | Reached XP level 2. HP: 21/24 MP: 2/2
   397 | D:1      | Reached XP level 3. HP: 28/29 MP: 3/3
  1014 | D:2      | Reached skill level 4 in Fighting
  1014 | D:2      | Reached XP level 4. HP: 29/37 MP: 4/4
  1068 | D:2      | You fall through a shaft!
  1068 | D:3      | Found an ancient bone altar of Kikubaaqudgha.
  1078 | D:3      | Noticed an ice beast
  1093 | D:3      | Slain by an ice beast

Skill      XL: |  1  2  3 |
---------------+----------+-----
Maces & Flails | 3 |  3.5
Fighting       | 4 |  4.0
Armour         | |  3.2
Shields        | |  3.6

Action                   |  1- 3 |  4- 6 || total
-------------------------+-------+-------++-------
Melee: Flail             |    25 |       ||    25
       Mace              |    40 |    17 ||    57
  Eat: Chunk             |       |     1 ||     1
Armor: Scale mail        |    22 |     8 ||    30
Dodge: Dodged            |    15 |     2 ||    17
Block: Shield            |    28 |     8 ||    36
